 Dungeon Crawl Stone Soup version 0.23.2-40-g277498a001 (webtiles) character file.

Game seed: 1374159989733339545

249 Kosschaser the Magician (level 5, -31/28 HPs)
             Began as a Deep Elf Fire Elementalist on Oct 14, 2019.
             Was an Initiate of Qazlal.
             Killed from afar by an orc wizard (46 damage)
             ... with an exploding inner flame
             ... hexed by the player character
             ... on level 4 of the Dungeon.
             The game lasted 00:41:29 (3703 turns).

Kosschaser the Magician (DEFE)                      Turns: 3703, Time: 00:41:30

Health: -31/28     AC:  3    Str:  5    XL:     5   Next: 87%
Magic:  2/14       EV: 16    Int: 21    God:    Qazlal [......]
Gold:   176        SH:  0    Dex: 15    Spells: 3/14 levels left

rFire    . . .     SeeInvis .   i - +0 dagger
rCold    . . .     Gourm    .   (no shield)
rNeg     . . .     Faith    .   a - +0 robe
rPois    .         Spirit   .   h - +0 helmet
rElec    .         Reflect  .   (no cloak)
rCorr    .         Harm     .   (no gloves)
MR       .....                  (no boots)
Stlth    +++.......             (no amulet)
HPRegen  0.09/turn              g - ring of wizardry
MPRegen  0.14/turn              l - +3 ring of evasion

@: no status effects
A: no striking features
a: Renounce Religion


You were on level 4 of the Dungeon.
You worshipped Qazlal.
Qazlal was noncommittal.
You were hungry.

You visited 2 branches of the dungeon, and saw 5 of its levels.

You collected 176 gold pieces.

Inventory:

Hand Weapons
 i - a +0 dagger (weapon)
 p - a +1 whip of distortion
Armour
 a - a +0 robe (worn)
 h - a +0 helmet (worn)
Jewellery
 g - a ring of wizardry (left hand)
 l - a +3 ring of evasion (right hand)
Scrolls
 b - 2 scrolls of fog
 e - a scroll of amnesia
 f - 2 scrolls of magic mapping
 k - a scroll of enchant weapon {unknown}
 n - a scroll of random uselessness {unknown}
 o - 3 scrolls of remove curse
 q - a scroll of teleportation {unknown}
Potions
 d - a potion of resistance
 j - 2 potions of heal wounds
 r - a potion of haste {unknown}
Comestibles
 c - 8 rations
 s - 2 chunks of flesh


   Skills:
 + Level 3.0 Dodging
 * Level 3.8 Stealth
 + Level 5.1 Spellcasting
 + Level 2.6 Conjurations
 + Level 5.0 Fire Magic


You had 3 spell levels left.
You knew the following spells:

 Your Spells              Type           Power        Failure   Level  Hunger
a - Flame Tongue          Conj/Fire      ###..        1%          1    None
b - Throw Flame           Conj/Fire      ###...       1%          2    None
c - Conjure Flame         Conj/Fire      ###.....     2%          3    ##.....
d - Fireball              Conj/Fire      ###.......   24%         5    #####..

Your spell library contained the following spells:

 Spells                   Type           Power        Failure   Level  Hunger
 Confusing Touch          Hex            #.....       4%          1    None
 Inner Flame              Hex/Fire       ###.....     4%          3    ##.....
 Confuse                  Hex            #.......     13%         3    ##.....
 Gell's Gravitas          Tloc           #.........   13%         3    ##.....
 Sticky Flame             Conj/Fire      ###.....     9%          4    ####...
 Petrify                  Tmut/Erth      #.......     38%         4    ####...
 Metabolic Englaciation   Hex/Ice        #.........   71%         5    #####..
 Yara's Violent Unravell  Hex/Tmut       #.........   71%         5    #####..


Dungeon Overview and Level Annotations

Branches:
Dungeon (4/15)             Temple (1/1) D:4

Altars:
Ashenzari
Dithmenos
Qazlal
Ru
Sif Muna
Wu Jian
Yredelemnul
Zin
The Shining One

Annotations:
D:4 Menkaure, Natasha


Message History

Press: ? - help, Shift-Dir - straight line, f - orc wizard
Aim: an orc wizard, wielding a +0 dagger and wearing a +0 robe (inner flame) That beam is likely to hit you.
Continue anyway?
The fireball explodes!
The fireball engulfs the orc wizard!
The orc wizard is severely wounded.
The fireball engulfs you!
The fireball engulfs the orc wizard!
The orc wizard explodes!
The fiery explosion engulfs something!!!
The fiery explosion engulfs the orc!!
The orc explodes!
Qazlal accepts your kill. x2
Reactivating autopickup.
Your Dodging skill increases to level 3!
Your Fire Magic skill increases to level 5!
You feel a bit more experienced.
The fiery explosion engulfs the orc wizard!!
The orc wizard explodes!
The fiery explosion engulfs you!!!
Ouch! That really hurt!
You die...

......#######.###############
....o...o.)...†..5..........
#$...%..o###.######.........
# '..####### #.≈≈≈≈≈≈.. ..#
#.≈≈≈≈≈≈≈≈ .≈≈≈≈≈≈≈ ...≈≈≈≈≈
.....≈≈≈ ........ #####.##
#...


You could see an orc wizard (inner flame) and an orc (inner flame).

Vanquished Creatures
  A hound (D:4)
  Natasha (D:4)
  A worker ant (D:4)
  An orc wizard (D:4)
  A hound skeleton (D:4)
  6 adders
  An ooze (D:1)
  A worm (D:2)
  2 dart slugs (D:3)
  3 leopard geckos
  6 orcs
  3 giant cockroaches
  8 goblins
  4 hobgoblins
  3 jackals (D:1)
  10 kobolds
  5 bats
  2 frilled lizards (D:2)
  7 rats
66 creatures vanquished.

Notes
Turn   | Place    | Note
-------+----------+-------------------------------------------
     0 | D:1      | Kosschaser the Deep Elf Fire Elementalist began the quest
                  | for the Orb.
     0 | D:1      | Reached XP level 1. HP: 10/10 MP: 6/6
   213 | D:1      | Reached XP level 2. HP: 15/15 MP: 6/8
   667 | D:1      | Reached XP level 3. HP: 16/19 MP: 5/10
   675 | D:1      | Learned a level 2 spell: Throw Flame
   680 | D:1      | Learned a level 3 spell: Conjure Flame
  1547 | D:2      | Reached XP level 4. HP: 24/24 MP: 1/12
  1758 | D:2      | Found a glowing silver altar of Zin.
  1825 | D:2      | Found a basalt altar of Yredelemnul.
  2056 | D:3      | Found an ornate altar of the Wu Jian Council.
  2413 | D:3      | Found a stormy altar of Qazlal.
  2421 | D:3      | Became a worshipper of Qazlal Stormbringer
  3041 | D:4      | Noticed Menkaure
  3041 | D:4      | Noticed Natasha
  3109 | D:4      | Reached XP level 5. HP: 28/28 MP: 5/13
  3289 | D:4      | Found a staircase to the Ecumenical Temple.
  3299 | Temple   | Entered the Ecumenical Temple
  3370 | D:4      | Learned a level 5 spell: Fireball
  3620 | D:4      | Killed Natasha
  3620 | D:4      | Reached skill level 5 in Spellcasting
  3672 | D:4      | Noticed Natasha
  3703 | D:4      | Reached skill level 5 in Fire Magic
  3703 | D:4      | Killed from afar by an orc wizard

Skill      XL: |  1  2  3  4  5 |
---------------+----------------+-----
Fire Magic     | 4 5 |  5.0
Spellcasting   | 4 5 |  5.1
Stealth        | 3 |  3.8
Conjurations   | 2 |  2.6
Dodging        | 3 |  3.0

Action                   |  1- 3 |  4- 6 || total
-------------------------+-------+-------++-------
Melee: Dagger            |     3 |       ||     3
 Cast: Flame Tongue      |    58 |    33 ||    91
       Throw Flame       |    14 |    26 ||    40
       Conjure Flame     |     4 |     3 ||     7
       Fireball          |       |     2 ||     2
  Use: Potion            |     2 |       ||     2
       Scroll            |       |     8 ||     8
  Eat: Chunk             |     2 |     4 ||     6
       Ration            |       |     1 ||     1
Armor: Robe              |     2 |     3 ||     5
Dodge: Dodged            |    16 |    13 ||    29
